Workbook

Sheet 扉-3 投标总价扉页
B1: 江高供销社职工宿舍维修 | G1: 工程
A2: 投 标 总 价
A3: 招 标 人： | C3: 广州市白云区供销总公司
A4: 工 程 名 称： | C4: 江高供销社职工宿舍维修工程
A5: 投 标 总 价 | C5: （小写）： | D5: ='表-04 单位工程投标报价汇总表'!C36:E36 -> 0
C6: （大写）： | D6: X拾X万X仟X佰X拾X元X角X分
A7: 投 标 人：
C8: (单位盖章)
A9: 法定代表人 或其授权人：
C10: (签字或盖章)
A11: 编 制 人：
C12: （造价人员签字盖专用章）
A13: 编 制 时 间：
G14: 扉-3

Sheet 表-04 单位工程投标报价汇总表
A1: 单位工程投标报价汇总表
A2: 工程名称：职工宿舍维修工程 | D2: 标段： | E2: 第 1 页 共 1 页
A3: 序号 | B3: 汇总内容 | C3: 金额:(元) | F3: 其中：暂估价(元)
A4: 1 | B4: 分部分项合计 | C4: ='表-08 分部分项工程和单价措施项目清单与计价表'!J128 -> 0
A5: 2 | B5: 措施合计 | C5: =C6+C7 -> 0
A6: 2.1 | B6: 安全防护、文明施工措施项目费 | C6: ='表-11 总价措施项目清单与计价表'!G4 -> 0
A7: 2.2 | B7: 其他措施费
A8: 3 | B8: 其他项目 | C8: =C19 -> 0
A9: 3.1 | B9: 材料检验试验费
A10: 3.2 | B10: 工程优质费
A11: 3.3 | B11: 暂列金额
A12: 3.4 | B12: 暂估价
A13: 3.5 | B13: 计日工
A14: 3.6 | B14: 总承包服务费
A15: 3.7 | B15: 材料保管费
A16: 3.8 | B16: 预算包干费
A17: 3.9 | B17: 索赔费用
A18: 3.10 | B18: 现场签证费用
A19: 3.11 | B19: 委托设计费 | C19: ='表-12 其他项目清单与计价汇总表'!C17:C17 -> 0
A20: 4 | B20: 规费 | C20: ='表-13 规费、税金项目清单与计价表'!H4 -> 0
A21: 5 | B21: 税金 | C21: ='表-13 规费、税金项目清单与计价表'!H9 -> 0
A22: 6 | B22: 总造价 | C22: =C4+C5+C8+C20+C21 -> 0
A23: 7 | B23: 人工费
A36: 投标报价合计=1+2+3+4+5 | C36: =C22 -> 0
A37: 注：本表适用于单位工程招标控制价或投标报价的汇总，如无单位工程划分，单项工程也使用本表汇总
E38: 表—04

Sheet 表-08 分部分项工程和单价措施项目清单与计价表
A1: 分部分项工程和单价措施项目清单与计价表
A2: 工程名称：中心岭职工宿舍维修工程 | E2: 标段： | H2: 第 1 页 共 7 页
A3: 序号 | B3: 项目编码 | C3: 项目名称 | D3: 项目特征描述 | F3: 计量单位 | G3: 工程量 | I3: 金额（元）
I4: 综合单价 | J4: 综合合价 | K4: 其中
K5: 暂估价
C6: 整个项目
A7: 1 | B7: 粤R1-7-20 | C7: 天沟、泛水防水层修补（排水沟） 防水水泥砂灰浆面2cm厚 | D7: 1、拆除清理破损部位的防水层及清理基层，砂浆（制作）运输，扫水泥浆，铺设防水砂浆，表面抹光； 2、聚氨酯防水涂料刷两遍； 3、运距：综合考虑20km； | F7: m2 | G7: 3 | J7: =G7*I7 -> 0
A8: 2 | B8: 粤R1-1-61 | C8: 人工单项拆除 拆除块料面层 架空（主屋面隔热层杂草、梯间旁杂物清除） | D8: 1、做法：人工机械打凿、人工装袋搬运、自卸车清运; 2、运距：综合考虑20km; | F8: m2 | G8: 105 | J8: =G8*I8 -> 0
A9: 3 | B9: 粤R1-1-52 | C9: 人工单项拆除 铲除（外墙）抹灰 墙、柱面 | D9: 1、人工拆除 切割成方状，铲除抹灰 墙、柱面； 2、人工二次搬运，人工装自卸车，运距：综合考虑20KM； | F9: m2 | G9: 107.55 | J9: =G9*I9 -> 0
A10: 4 | B10: 粤R1-7-97 | C10: 注浆堵漏 水溶性聚氨脂 混凝土结构 | D10: 裂缝化学灌浆处理施工包括，裂缝表面处理，埋设灌浆嘴，封缝，密封检查，配制浆液，灌浆，封口结束等工序 | F10: m | G10: 40 | J10: =G10*I10 -> 0
A11: 5 | B11: 011201001001 | C11: 墙面一般抹灰（外墙批荡） | D11: 1.墙体类型:砖外墙 2.底层厚度、砂浆配合比:基层上刷素水泥浆一遍、 1:2:8 水泥石灰砂浆 | F11: m2 | G11: 141.4 | J11: =G11*I11 -> 0
A12: 6 | B12: 011204003001 | C12: 乳胶漆外墙面（喷涂乳胶漆、淡黄色） | D12: 1.墙体类型:原外墙基层 2.面层材料品种、规格、晶牌、颜色:刮防水腻子两遍；喷涂抗碱性底漆一遍，喷涂面漆两遍，淡黄色 | F12: m2 | G12: 322.66 | J12: =G12*I12 -> 0
A13: 7 | B13: 011506003001 | C13: （彩钢板）雨篷修复 | D13: 1、钢型材龙骨，除锈涂刷防锈漆，加固。 2、破损彩钢瓦更换，厚度0.376mm。 | F13: m2 | G13: 16.8 | J13: =G13*I13 -> 0
A14: 本页小计 | J14: =SUM(J7:J13) -> 0
A15: 注：为计取规费等的使用，可在表中增设其中：“定额人工费”。
H16: 表—08
A17: 分部分项工程和单价措施项目清单与计价表
A18: 工程名称：中心岭职工宿舍维修工程 | E18: 标段： | H18: 第 2 页 共 7 页
A19: 序号 | B19: 项目编码 | C19: 项目名称 | D19: 项目特征描述 | F19: 计量单位 | G19: 工程量 | I19: 金额（元）
I20: 综合单价 | J20: 综合合价 | K20: 其中
K21: 暂估价
A22: 8 | B22: 粤R1-10-1 | C22: 双排脚手架(不含平台) 高度(m以内) 10 | D22: 1、包括材料运输，绑扎顶架，安全网等全部搭设过程。 2、使用期间的加固维修和安全管理、完工拆除工作。3、拆除后材料分类捆扎及场内外运输等工作。 | F22: m2 | G22: 260.4 | J22: =G22*I22 -> 0
A23: 9 | B23: 粤R1-1-52 | C23: 人工单项拆除 铲除抹灰 墙、柱面（首层内墙） | D23: 1、人工拆除 铲除抹灰 墙、柱面； 2、人工二次搬运，人工装自卸车，运距：综合考虑20KM； | F23: m2 | G23: 81.04 | J23: =G23*I23 -> 0
A24: 10 | B24: 011201001002 | C24: 墙面一般抹灰（首层部分）内墙批荡 | D24: 1.墙体类型:砖内墙 2.底层厚度、砂浆配合比:基层上刷素水泥浆一遍、 1:2.5 水泥砂浆 | F24: m2 | G24: 81.04 | J24: =G24*I24 -> 0
A25: 11 | B25: 011406001001 | C25: 室内墙身乳胶漆翻新（首层部分） | D25: 1.基层类型:墙面白水泥浆饰面 2.油漆品种、刷漆遍数:面漆两遍（立邦工程漆） | F25: m2 | G25: 411.28 | J25: =G25*I25 -> 0
A26: 12 | B26: 粤R1-1-67 | C26: 人工单项拆除 木(塑料)窗（首层、二层） | D26: 拆除、场内搬运、分类归堆、清理. | F26: m2 | G26: 24 | J26: =G26*I26 -> 0
A27: 13 | B27: 010807001001 | C27: 金属窗（首层、二层铝合金玻璃窗） | D27: 铝材厚度1.0mm，5mm厚雾化玻璃。含窗周边防水砂浆填充以及收口处理； | F27: m2 | G27: 24 | J27: =G27*I27 -> 0
A28: 14 | B28: 010807001002 | C28: 不锈钢防盗网 | D28: 20mm管径不锈钢型材（202不锈钢），内置14mm螺纹钢，间距不超12cm，装至室外，暗扣固定； | F28: m2 | G28: 26.4 | J28: =G28*I28 -> 0
A29: 15 | B29: 010802004002 | C29: 不锈钢门（二层通道门） | D29: 1.门类型:不锈钢防盗门（单边门套） 2.五金材料:防盗门扣、门眼、门锁、含所有五金； | F29: m2 | G29: 1.89 | J29: =G29*I29 -> 0
A30: 本页小计 | J30: =SUM(J22:J29) -> 0
A31: 注：为计取规费等的使用，可在表中增设其中：“定额人工费”。
H32: 表—08
A33: 分部分项工程和单价措施项目清单与计价表
A34: 工程名称：中心岭职工宿舍维修工程 | E34: 标段： | H34: 第 3 页 共 7 页
A35: 序号 | B35: 项目编码 | C35: 项目名称 | D35: 项目特征描述 | F35: 计量单位 | G35: 工程量 | I35: 金额（元）
I36: 综合单价 | J36: 综合合价 | K36: 其中
K37: 暂估价
A38: 16 | B38: 011406001002 | C38: 室内墙身乳胶漆翻新（二层部分） | D38: 1.基层类型:墙面一般抹灰面 2.腻子种类:耐水腻子粉 3.刮腻子要求:清理基层，修补，砂纸打磨:满刮腻子一遍，找补两遍 4.油漆品种、刷漆遍数:抗碱底漆一遍，面漆两遍（立邦工程漆） | F38: m2 | G38: 353.68 | J38: =G38*I38 -> 0
A39: 17 | B39: 011201001003 | C39: 墙面一般抹灰（厨房、洗手间） | D39: 1.墙体类型:砖内墙 2.底层厚度、砂浆配合比:基层上刷素水泥浆一遍、9mm厚1:1:6混合砂浆打底、再抹7mm厚1:1:6混合砂浆 3.面层厚度、砂浆配合比:5mm厚1:0.3:2.5混合砂浆罩面压光 4.装饰面材料种类:满刮腻子胶两遍 | F39: m2 | G39: 95.35 | J39: =G39*I39 -> 0
A40: 18 | B40: 011204003003 | C40: 块料墙面（600*300瓷砖）厨房、洗手间 | D40: 1.墙体类型:抹灰基层 2.底层厚度、砂浆配合比:刷界面处理剂、14mm厚1:3水泥砂浆打底 3.贴结层厚度、材料种类:8mm厚1:0．15:2水泥石灰砂浆(内掺建筑胶)、好亦特粘结剂粘贴 4.挂贴方式:粘贴 5.面层材料品种、规格、晶牌、颜色:灰色纸皮砖砖600mm×300mm 6.缝宽、嵌缝材料种类:好亦特勾缝剂勾缝、缝宽5mm 7.磨光、酸洗、打蜡:棉纱清洁表面 | F40: m2 | G40: 40.99 | J40: =G40*I40 -> 0
A41: 本页小计 | J41: =SUM(J38:J40) -> 0
A42: 注：为计取规费等的使用，可在表中增设其中：“定额人工费”。
H43: 表—08
A44: 分部分项工程和单价措施项目清单与计价表
A45: 工程名称：职工宿舍维修工程 | E45: 标段： | H45: 第 4 页 共 7 页
A46: 序号 | B46: 项目编码 | C46: 项目名称 | D46: 项目特征描述 | F46: 计量单位 | G46: 工程量 | I46: 金额（元）
I47: 综合单价 | J47: 综合合价 | K47: 其中
K48: 暂估价
A49: 19 | B49: 011102003004 | C49: 块料楼地面（防滑砖300*300） | D49: 1.找平层材料种类、厚度:1:3水泥砂浆20mm厚 2.结合层厚度、砂浆配合比:20mm厚1:2干硬性水泥砂浆 3.面层材料品种、规格:彩釉砖300mm×300mm 4.嵌缝材料种类:白水泥浆 | F49: m2 | G49: 6.4 | J49: =G49*I49 -> 0
A50: 20 | B50: 010903002002 | C50: 二层洗手间、厕所墙面（地面）涂膜防水 | D50: 1.涂膜品种:德高防水涂料（通用型） 2.涂膜厚度、遍数:厚度1.5mm，两遍 3.防水部位:卫生间地面 | F50: m2 | G50: 32.75 | J50: =G50*I50 -> 0
A51: 21 | B51: 010401012002 | C51: 零星砌砖（灶台） | F51: 个 | G51: 1 | J51: =G51*I51 -> 0
A52: 22 | B52: 010401012003 | C52: 零星砌砖（蹲厕） | F52: 个 | G52: 1 | J52: =G52*I52 -> 0
A53: 23 | B53: 010802001001 | C53: 金属(塑钢)门 | D53: 1.门类型:塑钢平开门 2.玻璃品种、厚度:5mm厚平玻 3.五金材料:闭门器、管于拉手、门碰珠、门锁 | F53: m2 | G53: 4 | J53: =G53*I53 -> 0
A54: 24 | B54: 031004003001 | C54: 洗脸盆 | D54: 1.材质:陶瓷 2.组装形式:钢管组成冷水 3.开关:冷水开关 | F54: 组 | G54: 1 | J54: =G54*I54 -> 0
A55: 25 | B55: 031004006001 | C55: 大便器 | D55: 1.材质:陶瓷 2.组装方式:蹲式高水箱 3.型号、规格:MLD-5802 | F55: 组 | G55: 1 | J55: =G55*I55 -> 0
A56: 26 | B56: 030404017001 | C56: 配电箱 | D56: 1.名称、型号:照明配电箱 俊朗牌 2.规格:外形尺寸308mm×385mm×l05mm(高×宽×厚) 3.挂墙式安装 4.含漏电开关、断路器等（成套，详图纸） | F56: 台 | G56: 6 | J56: =G56*I56 -> 0
A57: 27 | B57: 030404034001 | C57: 照明开关 | D57: 1.名称:TCL牌 2.材质:含底盒，绝缘PVC | F57: 个 | G57: 21 | J57: =G57*I57 -> 0
A58: 28 | B58: 030404035001 | C58: 插座（二三） | D58: 1.名称:TCL牌 2.材质:含底盒，绝缘PVC | F58: 个 | G58: 29 | J58: =G58*I58 -> 0
A59: 本页小计 | J59: =SUM(J49:J58) -> 0
A60: 注：为计取规费等的使用，可在表中增设其中：“定额人工费”。
H61: 表—08
A62: 分部分项工程和单价措施项目清单与计价表
A63: 工程名称：中心岭职工宿舍维修工程 | E63: 标段： | H63: 第 5 页 共 7 页
A64: 序号 | B64: 项目编码 | C64: 项目名称 | D64: 项目特征描述 | F64: 计量单位 | G64: 工程量 | I64: 金额（元）
I65: 综合单价 | J65: 综合合价 | K65: 其中
K66: 暂估价
A67: 29 | B67: 030404035002 | C67: 插座（厨房二三插） | D67: 1.名称:TCL牌 2.材质:含底盒，绝缘PVC | F67: 个 | G67: 12 | J67: =G67*I67 -> 0
A68: 30 | B68: 030404035003 | C68: 插座（空调） | D68: 1.名称:TCL牌 2.材质:含底盒，绝缘PVC | F68: 个 | G68: 9 | J68: =G68*I68 -> 0
A69: 31 | B69: 030404035004 | C69: 插座（排气扇） | D69: 1.名称:排气扇插座 2.材质:PVC | F69: 个 | G69: 9 | J69: =G69*I69 -> 0
A70: 32 | B70: 030404033001 | C70: 排气扇 | D70: 1.名称:正野窗式排气扇 2.型号:统一按现场情况配置 | F70: 台 | G70: 7 | J70: =G70*I70 -> 0
A71: 33 | B71: 030412001001 | C71: 普通灯具（LED吸顶灯） | D71: 1.名称:圆球吸顶灯 2.规格、型号:22W/11W | F71: 套 | G71: 28 | J71: =G71*I71 -> 0
A72: 34 | B72: 030411002001 | C72: 线槽（PVC) | D72: 1.材质:塑料 2.规格:宽50间以下 联塑牌 3.配置部位:墙上 | F72: m | G72: 359.5 | J72: =G72*I72 -> 0
A73: 35 | B73: 030411004001 | C73: 配线， 导线截面(2.5mm2以内) | D73: 1.配线形式:塑料护套线明敷 2.导线型号、材质、规格: BV-450／750V-2.5mm2 珠江牌 3.敷设部位或线制:砖、混凝土结构三线 | F73: m | G73: 875.1 | J73: =G73*I73 -> 0
A74: 36 | B74: 030411004002 | C74: 配线， 导线截面(4mm2以内) | D74: 1.配线形式:塑料护套线明敷 2.导线型号、材质、规格: BV-450／750V-4mm2 珠江牌 3.敷设部位或线制:砖、混凝土结构三线 | F74: m | G74: 563.22 | J74: =G74*I74 -> 0
A75: 37 | B75: 031001006003 | C75: 塑料管（DN20 PPR给水管） | D75: 1.安装部位:室内 2.输送介质:给水 3.材质:PPR 4.型号、规格:DN20mm 5.连接方式:夹紧式连接 6.含：角阀、闸阀、弯头等管件 | F75: m | G75: 16 | J75: =G75*I75 -> 0
A76: 本页小计 | J76: =SUM(J67:J75) -> 0
A77: 注：为计取规费等的使用，可在表中增设其中：“定额人工费”。
H78: 表—08
A79: 分部分项工程和单价措施项目清单与计价表
A80: 工程名称：中心岭职工宿舍维修工程 | E80: 标段： | H80: 第 6 页 共 7 页
A81: 序号 | B81: 项目编码 | C81: 项目名称 | D81: 项目特征描述 | F81: 计量单位 | G81: 工程量 | I81: 金额（元）
I82: 综合单价 | J82: 综合合价 | K82: 其中
K83: 暂估价
A84: 38 | B84: 031001006002 | C84: 塑料管 （DN100 PVC排污管） | D84: 1.安装部位:室外 2.输送介质:排水 3.材质:UPVC 联塑牌 4.型号、规格:DN1OOmm 5.连接方式:粘接连接 6.含：局部土方开挖，接入原有化粪池 | F84: m | G84: 20 | J84: =G84*I84 -> 0
A85: 39 | B85: 031001006004 | C85: 塑料管 （DN75 PVC排水管） | D85: 1.安装部位:室内 2.输送介质:排水 3.材质:UPVC 4.型号、规格:DN75mm 5.连接方式:粘接连接 6.含:局部土方开挖，接入暗渠 | F85: m | G85: 5 | J85: =G85*I85 -> 0
A86: 40 | B86: 031004004001 | C86: 洗涤盆（灶台） | D86: 1.材质:不锈钢洗菜盆 2.含：水龙头、存水弯、排水栓、洗菜盆、托架等 3.开关:开关单把 | F86: 组 | G86: 1 | J86: =G86*I86 -> 0
A87: 41 | B87: 粤R1-4-52 | C87: 其他加固工程 凿除混凝土保护层 凿除保护层 | D87: 1、凿除混凝土保护层 凿除保护层，钢丝刷除锈； 2、砼缺损修补 环氧砂浆批荡修复板 板下施工； | F87: m2 | G87: 14.52 | J87: =G87*I87 -> 0
A88: 42 | B88: 031001006001 | C88: 塑料管DN110 排水管（A级联塑牌） | D88: 1.安装部位:室外 2.输送介质:排水 3.材质:UPVC 4.型号、规格:DN1OOmm 5.连接方式:粘接连接 6.钻孔:刚性防水 7.钻孔数量：8个 8.连接至室外沟渠 | F88: m | G88: 32.8 | J88: =G88*I88 -> 0
A89: 43 | B89: 粤R3-2-12 | C89: 水力冲洗管道 管径300mm内 积泥1/2内（室外排水沟清理疏通） | D89: 1、打凿原有暗渠混凝土盖板，清理渠内杂物； 2、通水试验，恢复原有混凝土盖板等； | F89: m | G89: 20 | J89: =G89*I89 -> 0
A90: 44 | B90: 011707004001 | C90: 二次搬运（二层各房间杂物清除、住户搬家） | D90: 1、二层各房间内废弃物品清运； 2、协助老干搬家，上下楼搬运家具、生活用品，两次，每次要求派员两人以上； | F90: 项 | G90: 1 | J90: =G90*I90 -> 0
A91: 本页小计 | J91: =SUM(J84:J90) -> 0
A92: 注：为计取规费等的使用，可在表中增设其中：“定额人工费”。
H93: 表—08
A94: 分部分项工程和单价措施项目清单与计价表
A95: 工程名称：中心岭职工宿舍维修工程 | E95: 标段： | H95: 第 7 页 共 7 页
A96: 序号 | B96: 项目编码 | C96: 项目名称 | D96: 项目特征描述 | F96: 计量单位 | G96: 工程量 | I96: 金额（元）
I97: 综合单价 | J97: 综合合价 | K97: 其中
K98: 暂估价
C99: 措施项目
A127: 本页小计 | J127: =SUM(J99:J126) -> 0
...

Sheet 表-11 总价措施项目清单与计价表
A1: 总价措施项目清单与计价表
A2: 工程名称：职工宿舍维修工程 | F2: 标段： | I2: 第 1 页 共 2 页
A3: 序号 | B3: 项目编码 | C3: 项目名称 | D3: 计算基础 | E3: 费率 (%) | G3: 金额 (元) | H3: 调整费率 (%) | J3: 调整后 金额 (元) | K3: 备注
A4: 1 | B4: 011707001001 | C4: 文明施工与环境保护、临时设施、安全施工 | D4: 分部分项合计 | E4: 3.8796 | G4: =0.038796*'表-08 分部分项工程和单价措施项目清单与计价表'!J128 -> 0 | K4: 以分部分项工程费为计算基础，费率3.8796%
A5: 2 | B5: WMGDZJF00001 | C5: 文明工地增加费 | D5: 分部分项合计 | E5: 0 | K5: 以分部分项工程费为计算基础，市级文明工地为0.4%；省级文明工地为0.7%
A6: 3 | B6: 011707002001 | C6: 夜间施工增加费 | E6: 20 | K6: 以夜间施工项目人工费的20%计算
A7: 4 | B7: GGCSF0000001 | C7: 赶工措施 | D7: 分部分项合计 | E7: 0 | K7: 赶工措施费=（1-δ）*分部分项工程费*0.1 （0.8≤δ＜1 式中：δ=合同工期/定额工期）
A8: 5 | B8: NJCCQZJCC001 | C8: 泥浆池(槽)砌筑及拆除 | K8: 钻(冲)孔桩、旋挖成孔灌注桩、微型桩，费用标准为:26.26元/m3； 地下连续墙费用标准为:42.11元/m3
A9: 6 | B9: LSSGCSF00001 | C9: 绿色施工措施费 | D9: 分部分项合计 | E9: 0 | K9: 依据“穗建造价【2015】69号文”与“中山市住房和城乡建设局关于
A10: 编制人（造价人员）： | F10: 复核人（造价工程师）：
A11: 注：1.“计算基础”中安全文明施工费可为“定额基价”、“定额人工费”或“定额人工费+定额机械费”，其他项目可为“定额人工费”或“定额人工费+定额机械费”。 2.按施工方案计算的措施费，若无“计算基础”和“费率”的数值，也可只填“金额”数值，但应在备注栏说明施工方案出处或计算方法。
I12: 表-11
A13: 总价措施项目清单与计价表
A14: 工程名称：中心岭职工宿舍维修工程 | F14: 标段： | I14: 第 2 页 共 2 页
A15: 序号 | B15: 项目编码 | C15: 项目名称 | D15: 计算基础 | E15: 费率 (%) | G15: 金额 (元) | H15: 调整费率 (%) | J15: 调整后 金额 (元) | K15: 备注
K16: 绿色施工措施费计价办法的通知”，建筑、装饰，绿色施工措施费可按分部分项工程费的0.6%计
A38: 合 计 | G38: =G4 -> 0
A39: 编制人（造价人员）： | F39: 复核人（造价工程师）：
A40: 注：1.“计算基础”中安全文明施工费可为“定额基价”、“定额人工费”或“定额人工费+定额机械费”，其他项目可为“定额人工费”或“定额人工费+定额机械费”。 2.按施工方案计算的措施费，若无“计算基础”和“费率”的数值，也可只填“金额”数值，但应在备注栏说明施工方案出处或计算方法。
I41: 表-11

Sheet 表-12 其他项目清单与计价汇总表
A2: 其他项目清单与计价汇总表
A3: 工程名称：职工宿舍维修工程 | E3: 第 1 页 共 1 页
A4: 序号 | B4: 项目名称 | C4: 金额（元） | D4: 结算金额（元） | F4: 备注
A5: 1 | B5: 材料检验试验费
A6: 2 | B6: 工程优质费
A7: 3 | B7: 暂列金额
A8: 4 | B8: 暂估价
A9: 4.1 | B9: 材料暂估价 | C9: —
A10: 4.2 | B10: 专业工程暂估价
A11: 5 | B11: 计日工
A12: 6 | B12: 总承包服务费
A13: 7 | B13: 材料保管费
A14: 8 | B14: 预算包干费
A15: 9 | B15: 现场签证费用
A16: 10 | B16: 索赔费用
A17: 11 | B17: 委托设计费 | C17: 0
B36: 合 计 | C36: =C17 -> 0 | F36: —
A37: 注：材料（工程设备）暂估单价进入清单项目综合单价，此处不汇总。
E38: 表—12

Sheet 表-13 规费、税金项目清单与计价表
A1: 规费、税金项目清单与计价表
A2: 工程名称：职工宿舍维修工程 | D2: 标段： | G2: 第 1 页 共 1 页
A3: 序号 | B3: 项目名称 | C3: 计算基础 | E3: 计算基数 | F3: 计算费率 (%) | H3: 金额(元)
A4: 1 | B4: 规费 | C4: 规费合计 | H4: =H8 -> 0
A5: 1.1 | B5: 工程排污费 | C5: 分部分项合计+措施合计+其他项目 | F5: 0
A6: 1.2 | B6: 施工噪音排污费 | C6: 分部分项合计+措施合计+其他项目 | F6: 0
A7: 1.3 | B7: 防洪工程维护费 | C7: 分部分项合计+措施合计+其他项目 | F7: 0
A8: 1.4 | B8: 危险作业意外伤害保险 | C8: 分部分项合计+措施合计+其他项目 | E8: ='表-08 分部分项工程和单价措施项目清单与计价表'!J128+'表-11 总价措施项目清单与计价表'!G38+'表-12 其他项目清单与计价汇总表'!C36 -> 0 | F8: 0.1 | H8: =0.001*E8 -> 0
A9: 2 | B9: 税金 | C9: 分部分项合计+措施合计+其他项目+规费 | E9: ='表-08 分部分项工程和单价措施项目清单与计价表'!J128+'表-11 总价措施项目清单与计价表'!G38+'表-12 其他项目清单与计价汇总表'!C36+'表-13 规费、税金项目清单与计价表'!H4 -> 0 | F9: 3 | H9: =0.03*E9 -> 0
A33: 合 计 | H33: =H4+H9 -> 0
A34: 编制人（造价人员）： | D34: 复核人（造价工程师）：
G35: 表—13
